 Dungeon Crawl Stone Soup version 0.27.1-33-g824d729ab1 (webtiles) character file.

Game seed: 16174798673260737459

25 Gabide the Skirmisher (level 3, -1/29 HPs)
             Began as a Human Monk on Dec 3, 2021.
             Was an Initiate of Gozag.
             Slain by a kobold (5 damage)
             ... on level 1 of the Dungeon.
             The game lasted 00:01:06 (637 turns).

Gabide the Skirmisher (Human Monk)                   Turns: 637, Time: 00:01:08

Health: -1/29      AC:  2    Str: 12    XL:     3   Next: 20%
Magic:  3/3        EV: 13    Int: 10    God:    Gozag
Gold:   106        SH:  0    Dex: 15    Spells: 2/2 levels left

rFire    . . .     SeeInvis .   a - +0 mace
rCold    . . .     Faith    .   (no shield)
rNeg     . . .     Spirit   .   b - +0 robe
rPois    .         Reflect  .   (no helmet)
rElec    .         Harm     .   (no cloak)
rCorr    .         Rampage  .   (no gloves)
Will     .....                  (no boots)
Stlth    ++........             (no amulet)
HPRegen  0.09/turn              (no ring)
MPRegen  0.08/turn              (no ring)

@: gold aura
A: no striking features
a: Renounce Religion, Potion Petition, Call Merchant, Bribe Branch


You were on level 1 of the Dungeon.
You worshipped Gozag.
Gozag was aware of your devotion.
You visited 1 branch of the dungeon, and saw 1 of its levels.

You collected 106 gold pieces.

Inventory:

Hand Weapons
 a - a +0 mace (weapon)
Armour
 b - a +0 robe (worn)
Scrolls
 e - a scroll of noise
Potions
 c - 2 potions of might {unknown}
 d - a potion of heal wounds {unknown}


   Skills:
 + Level 3.5 Fighting
 + Level 3.4 Maces & Flails
 + Level 3.2 Dodging
 + Level 2.1 Stealth


You had 2 spell levels left.
You didn't know any spells.
Your spell library was empty.

Dungeon Overview and Level Annotations

Branches:
Dungeon (1/15)

Altars:
Gozag


Message History

The frilled lizard bites you. The kobold completely misses you.
The giant cockroach is distracted by your dazzling golden aura.
The frilled lizard misses you.
The giant cockroach is no longer distracted by gold.
You closely miss the frilled lizard.
The frilled lizard barely misses you. x2
You closely miss the frilled lizard. The frilled lizard barely misses you.
You hit the frilled lizard.
You kill the frilled lizard!
The giant cockroach misses you. The giant cockroach bites you.
You see here 19 bolts.
You see here a +0 robe.
You see here a +0 short sword.
The giant cockroach closely misses you.
You see here a +0 club.
You hit the giant cockroach.
The giant cockroach is severely wounded.
The giant cockroach misses you.
The giant cockroach waves its antennae.
The giant cockroach bites you.
You hit the giant cockroach but do no damage.
The giant cockroach is severely wounded.
The giant cockroach closely misses you.
You barely miss the giant cockroach.
The giant cockroach is severely wounded.
The giant cockroach closely misses you.
The giant cockroach bites you but does no damage.
You hit the giant cockroach.
You kill the giant cockroach!
You hit the kobold.
The kobold is heavily wounded.
The kobold hits you with a +0 short sword.
* * * LOW HITPOINT WARNING * * *
You closely miss the kobold.
The kobold is heavily wounded.
The kobold hits you with a +0 short sword.
* * * LOW HITPOINT WARNING * * *
The kobold hits you with a +0 short sword.
You die...
Your body crumbles into a pile of gold.

#..###.#...####..
#......#...#
#...##(#...# #.#
###..#[..### #.#
###..K.#..# #.#
#....#K##.## #.#
#.#).#.....# #.#
#.#..#K###.# #.#
#.##...K@..# #.#
#.##########
#.#### #.#
#....## #.#
########.#.###
#.#
#.......###...
#.#
#.######.#.###
#.# #.# ##.####
#.# #.# #.....
#.##########.#
######


You could see 2 kobolds.

Vanquished Creatures
  A dart slug (D:1)
  A ball python (D:1)
  3 endoplasms (D:1)
  A giant cockroach (D:1)
  3 goblins (D:1)
  5 hobgoblins (D:1)
  A quokka (D:1)
  A bat (D:1)
  A frilled lizard (D:1)
  2 rats (D:1)
  A spectral goblin (D:1)
20 creatures vanquished.

Notes
Turn   | Place    | Note
-------+----------+-------------------------------------------
     0 | D:1      | Gabide the Human Monk began the quest for the Orb.
     0 | D:1      | Reached XP level 1. HP: 18/18 MP: 1/1
    89 | D:1      | Found a faded altar of an unknown god.
   101 | D:1      | Became a worshipper of Gozag Ym Sagoz the Greedy
   132 | D:1      | Reached XP level 2. HP: 19/24 MP: 2/2
   593 | D:1      | Reached XP level 3. HP: 29/29 MP: 3/3
   637 | D:1      | Slain by a kobold

Illustrated notes

Levels and vault maps discovered:
D:1:      wander_arrival_abandoned_jail, layout_loops_ring,
          dreamdust_ecumenical_altar_drowned_temple, serial_shops, shop,
          minmay_tromino_mix6

Action                   || total
-------------------------++-------
Melee: Mace              ||    60
  Use: Scroll            ||     1
 Stab: Distracted        ||     1
       Sleeping          ||     2
Armor: Robe              ||    13
Dodge: Dodged            ||    49
